Map: Romanticide LE

Players

JimRising - Winner!

  • Race: Zerg Zerg
  • League: Grandmaster

SpeCial

  • Race: Terran Terran
  • League: Master

Event: DreamHack SC2 Masters 2021 Summer

VOD

Have the link to the VOD?

Description

Time

  • Played on: May 21, 2021, 3:24 p.m.
  • Length: 9:21

All games in this series

Show
View Real Time Build Order
Export as new Build Order

JimRising Zerg - Winner!

Build Orders: Hatch First, Zergling Baneling 

Get SALT Encoding   

  12  0:00  Drone  
  13  0:13  Overlord  
  13  0:18  Drone  
  14  0:31  Drone x2  
  16  0:49  Hatchery  
  15  0:51  Drone  
  15  0:54  Drone  
  17  0:59  Drone  
  18  1:06  Extractor  
  17  1:16  Spawning Pool  
  17  1:17  Drone  
  17  1:20  Drone  
  18  1:29  Drone  
  19  1:39  Drone  
  20  1:50  Overlord  
  20  2:03  Queen  
  20  2:04  Queen  
  20  2:05  Zergling x4  
  20  2:08  Metabolic Boost  
  26  2:14  Zergling x4  
  28  2:23  Drone x2  
  30  2:35  Overlord  
  30  2:39  Queen  
  32  2:47  Overlord  
  32  2:48  Zergling x4  
  33  2:56  Spore Crawler  
  32  3:01  Zergling x2  
  34  3:09  Overlord  
  34  3:10  Zergling x4, Baneling Nest  
  33  3:32  Zergling x12  
  38  3:41  Zergling x2  
  38  3:42  Zergling x2  
  40  3:49  Zergling x6  
  40  3:50  Zergling x2  
  40  3:54  Baneling x6  
  40  3:55  Baneling x3  
  44  3:58  Baneling  
  44  4:00  Zergling x2  
  45  4:05  Zergling x4  
  47  4:11  Zergling x4  
  40  4:32  Zergling x12  
  40  4:36  Zergling x4  
  40  4:37  Baneling x2  
  45  4:41  Zergling x2  
  42  4:49  Zergling x6  
  42  4:52  Zergling x2  
  42  4:54  Zergling x2  
  44  5:00  Zergling x4  
  44  5:05  Drone x2  
  43  5:09  Drone  
  43  5:21  Zergling x4  
  45  5:27  Zergling x4  
Show
View Real Time Build Order
Export as new Build Order

SpeCial Terran 

Build Orders:  

Get SALT Encoding   

  12  0:00  SCV  
  13  0:12  SCV  
  14  0:17  Supply Depot  
  14  0:24  SCV  
  15  0:39  SCV  
  15  0:40  Barracks  
  16  0:44  Refinery  
  16  0:51  SCV  
  17  1:02  Barracks  
  17  1:03  SCV  
  18  1:15  SCV  
  19  1:28  Reaper  
  19  1:29  Orbital Command  
  20  1:34  Refinery  
  20  1:49  Reaper  
  20  1:52  Supply Depot  
  21  1:55  SCV  
  23  2:01  Reaper  
  23  2:13  SCV  
  24  2:20  Command Center  
  24  2:25  SCV  
  25  2:31  Factory  
  25  2:33  Reaper  
  26  2:39  SCV  
  26  2:40  Reaper  
  28  2:49  Supply Depot  
  29  2:51  SCV  
  29  3:03  SCV  
  30  3:05  Reaper  
  31  3:15  SCV  
  31  3:19  Factory Reactor, Starport  
  32  3:27  SCV  
  32  3:32  Orbital Command  
  32  3:39  SCV  
  32  3:43  Marine x2  
  33  3:51  SCV  
  33  3:52  Armory  
  34  3:56  Hellion  
  34  3:57  Hellion  
  34  3:58  Medivac  
  34  4:01  Marine x2  
  34  4:02  SCV  
  43  4:04  SCV  
  44  4:12  Supply Depot  
  44  4:14  SCV  
  44  4:16  SCV  
  46  4:19  Hellion  
  48  4:27  Marine x2  
  48  4:28  SCV x2  
  42  4:40  Hellion, Supply Depot  
  42  4:41  Hellion  
  42  4:42  SCV  
  21  5:08  Hellion  
  23  5:19  Hellion  
  24  5:24  Starport Tech Lab  
Tags
 
Add a new tag
Caveats
  • Supply blocks, unpowered buildings, or Contaminate may cause inaccurate times.
  • Supply counts are checked every 10 seconds.